Cogmind - Beta 16.1 @@@ ROGUE MODE // 2026.03.13 @ 12:17:25 Player: Ragnakor Result: Destroyed by G-34 Mercenary with Small Laser Performance ------------- Evolutions (0) 0 Regions Visited (1) 200 Robots Destroyed (12) 60 Value Destroyed (373) 373 Prototype IDs (2) 40 Alien Tech Used (0) 0 Bonus (0) 0 TOTAL SCORE: 673 Bonus ------- None Cogmind --------- Core Integrity 0/250 Matter 182/300 Energy 500/500 System Corruption 1% Temperature Cool (12) Movement Walking (120) Location -10/Materials Parts ------- > --- POWER (1) -------- Ion Engine > --- PROPULSION (2) --- Aluminum Leg Aluminum Leg > --- UTILITY (2) ------ Small Storage Unit High-capacity Battery > --- WEAPON (2) ------- Light Assault Rifle Welding Torch > --- INVENTORY (8) ---- Ion Engine Light Ion Engine Wheel Hover Unit Flight Unit Signal Interpreter Signal Interpreter Datajack Peak State ------------ > --- POWER ------------ Ion Engine > --- PROPULSION ------- Aluminum Leg Aluminum Leg > --- UTILITY ---------- Small Storage Unit Improved Terrain Scanner > --- WEAPON ----------- Assault Rifle Light Assault Rifle > --- INVENTORY -------- Ion Engine Wheel Compact Wheel Light Assault Rifle [Rating: 9] Favorites ----------- Power Ion Engine Engine Ion Engine Propulsion Aluminum Leg Leg Aluminum Leg Wheel Wheel Hover Unit Hover Unit Utility Small Storage Unit Device Improved Terrain Scanner Storage Small Storage Unit Weapon Light Assault Rifle Ballistic Gun Light Assault Rifle Special Weapon Welding Torch Build | -11 -10 ------- Run | Yrd Mat Slots Evolved . | . . Power . | . . Propulsion . | . . Utility . | . . Weapon . | . . Parts Attached 26 | 7 19 Power 6 | 1 5 Engine 6 | 1 5 Core . | . . Reactor . | . . Propulsion 11 | 2 9 Treads . | . . Leg 4 | 2 2 Wheel 3 | . 3 Hover 4 | . 4 Flight . | . . Utility 3 | 2 1 Device 1 | 1 . Storage 2 | 1 1 Processor . | . . Hackware . | . . Protection . | . . Artifact . | . . Weapon 6 | 2 4 Energy Gun . | . . Energy Cannon . | . . Ballistic Gun 4 | 2 2 Ballistic Cannon . | . . Launcher . | . . Special Weapon 2 | . 2 Impact Weapon . | . . Slashing Weapon . | . . Piercing Weapon . | . . Special Melee Weapon . | . . Unidentified Prototypes . | . . Parts Lost 11 | . 11 Power 2 | . 2 Propulsion 4 | . 4 Utility 1 | . 1 Weapon 4 | . 4 Highest Loss Streak 5 | . 5 To Critical Strikes . | . . Average Backups 5 | 2 5 Power 1 | . 1 Propulsion 1 | 1 1 Utility 1 | . 1 Weapon . | . . Tool/Special . | . . Unused Backups 4 | . 4 Power . | . . Propulsion 1 | . 1 Utility 2 | . 2 Weapon . | . . Tool/Special 1 | . 1 Average Slot Usage (%) 91 | . 91 Engine 13 | . 13 Leg 11 | . 11 Wheel 8 | . 8 Hover 7 | . 7 Device 1 | . 1 Storage 26 | . 26 Ballistic Gun 17 | . 17 Special Weapon 3 | . 3 Peak Build Rating 9 | 9 9 Average Rating 6 | 5 6 On Entrance 4 | . 9 Avg Prop Armor Cover (%) 6 | . 6 Naked Turns . | . . Heaviest Build 17 | 14 17 Greatest Support 26 | 20 26 Greatest Overweight (x) 2 | . 2 Average Overweight (x) . | . . Largest Inventory Capacity 8 | 8 8 Average Capacity 7 | 6 8 Most Carried 8 | 4 8 Average Carried 5 | 2 5 Final Capacity 8 | 8 8 Final Carried 8 | 4 8 Class Distribution -------------------- 100% | Mutant Dominant Class ---------------- Mutant | -10/Materials Resources | -11 -10 ----------- Run | Yrd Mat Matter Collected 541 | 175 366 Remotely . | . . Salvage Created 411 | 11 400 Parts 29 | 3 26 Haulers Intercepted . | . . Recyclers Shooed . | . . Parts Field Recycled . | . . Retrieved Matter . | . . Parts Self-Destructed . | . . Prevented . | . . Parts Restored . | . . Kills | -11 -10 ------- Run | Yrd Mat Combat Hostiles Destroyed 9 | . 9 Guns 9 | . 9 Classes Destroyed 4 | 1 3 Builder 1 | . 1 Tunneler 1 | 1 . Operator 1 | . 1 Grunt 9 | . 9 Best Kill Streak 3 | 1 3 Combat Bots Only 3 | . 3 Max Kills in Single Turn 1 | 1 1 Gunslinging . | . . Exploded . | . . Melee . | . . Uniques/NPCs Destroyed . | . . Combat | -11 -10 -------- Run | Yrd Mat Hostile Shots Fired 93 | . 93 Missed 19 | . 19 Hits 74 | . 74 Projectile 74 | . 74 AOE 1 | . 1 Critical Strikes 2 | . 2 Damage Taken 1086 | . 1086 Core 251 | . 251 Absorbed by Shields . | . . Core Remaining (%) 100 | 100 . Volleys Fired 86 | 10 76 Largest 2 | 2 2 Hottest 40 | 40 40 Shots Fired 126 | 20 106 Gun 123 | 20 103 Cannon . | . . Launcher . | . . Special 3 | . 3 Kinetic 123 | 20 103 Thermal 3 | . 3 Explosive . | . . Electromagnetic . | . . Robot Hit Streak 17 | 7 17 Robot Miss Streak 5 | 2 5 Penetration Max . | . . Secondary Targets . | . . Shots Hit Robots 87 | 14 73 Core Hits 34 | 2 32 Critical Kills . | . . Critical Parts Destroyed . | . . Critical Strikes . | . . Melee Attacks . | . . Impact . | . . Slashing . | . . Piercing . | . . Sneak Attacks . | . . Combat Hostiles . | . . Follow-up Attacks . | . . Damage Inflicted 819 | 145 674 Guns 811 | 145 666 Cannons . | . . Explosions . | . . Melee . | . . Ramming . | . . Kinetic 811 | 145 666 Thermal 8 | . 8 Explosive . | . . Electromagnetic . | . . Impact . | . . Slashing . | . . Piercing . | . . Highest Corruption 1 | . 1 Average Corruption 1 | . 1 Corruption Purged . | . . Corruption Blocked . | . . Effects 5 | . 5 Matter Fused 1 | . 1 Heat Flow Errors 1 | . 1 Energy Discharges 2 | . 2 Misfires 1 | . 1 Overload Shots . | . . Overflow Damage . | . . Projectiles . | . . Explosions . | . . Melee . | . . Knockbacks . | . . Impact . | . . Kinetic . | . . Secondary . | . . Self-Inflicted Damage . | . . Shots . | . . Rammed . | . . Targets Rammed . | . . Kicked . | . . Crushed . | . . Highest Temperature 157 | . 157 Average Temperature 32 | . 32 Received Heat Transfer 591 | . 591 Siege Activations . | . . Martial Activations . | . . Shielding Activations . | . . Robots Disrupted . | . . Combat Hostiles . | . . Robots Corrupted . | . . Combat Hostiles . | . . Parts Fried . | . . Impact Corruptions . | . . Robots Melted . | . . Combat Hostiles . | . . Parts Melted . | . . Heat Transferred 50 | . 50 Parts Sabotaged . | . . Parts Stolen . | . . Parts Stripped . | . . Power Chain Reactions . | . . Alert | -11 -10 ------- Run | Yrd Mat Maximum Alert Level . | . . Low Security (%) 100 | 100 100 Level 1 . | . . Level 2 . | . . Level 3 . | . . Level 4 . | . . Level 5 . | . . High Security . | . . Max Security . | . . Peak Influence 52 | 5 52 Initial . | . . Average 8 | . 9 Influence Increases 257 | 5 252 Destroy 0b10 Robot/C 180 | . 180 Destroy 0b10 Robot/NC 15 | 5 10 Destroy Leader 40 | . 40 Successful Hack 22 | . 22 Influence Decreases 237 | 5 232 Time Decay 188 | 5 183 Lost Part 40 | . 40 Purge Threat 9 | . 9 Squads Dispatched 2 | . 2 Investigation 1 | . 1 Extermination . | . . Reinforcement 1 | . 1 Assault . | . . Garrison . | . . Intercept . | . . Searches Triggered . | . . Construction Impeded . | . . Haulers Reinforced . | . . Active Scanning Responses . | . . Cargo Convoy Interrupts . | . . Stealth | -11 -10 --------- Run | Yrd Mat Distress Signals 1 | . 1 Communications Jammed . | . . Distress Signals . | . . Times Spotted 23 | . 23 Peak Tracking Total 4 | . 4 Tactical Retreats . | . . Traps | -11 -10 ------- Run | Yrd Mat Traps Triggered . | . . Indirectly . | . . Trap Hack Attempts . | . . Triggered . | . . Disarmed . | . . Reprogrammed . | . . Reused . | . . Traps Extracted . | . . Installed . | . . Triggered . | . . Machines | -11 -10 ---------- Run | Yrd Mat Machines Disabled . | . . Max in Single Turn . | . . Machines Repaired . | . . Machines Dismantled . | . . Machines Sabotaged . | . . Overloaded Fab Kills . | . . Hacking | -11 -10 --------- Run | Yrd Mat Machines Accessed 5 | . 5 Terminals 4 | . 4 Fabricators . | . . Repair Stations . | . . Recycling Units 1 | . 1 Scanalyzers . | . . Garrison Access . | . . Total Hacks 17 | . 17 Successful 9 | . 9 Failed 8 | . 8 Catastrophic 1 | . 1 Database Lockouts . | . . Manual . | . . Terminals 15 | . 15 Fabricators . | . . Repair Stations . | . . Recycling Units 2 | . 2 Scanalyzers . | . . Garrison Access . | . . Terminal Hacks 7 | . 7 Prototype ID Bank 1 | . 1 Unreport Threat 1 | . 1 Patrol Status 1 | . 1 Transport Status 1 | . 1 Investigation Status 1 | . 1 Recall Investigation 1 | . 1 Hauler Manifests 1 | . 1 Fabricator Hacks . | . . Repair Station Hacks . | . . Recycling Unit Hacks 2 | . 2 Report Inventory 1 | . 1 Retrieve Components 1 | . 1 Scanalyzer . | . . Garrison Access Hacks . | . . Unauthorized Hacks . | . . Terminals . | . . Fabricators . | . . Repair Stations . | . . Recycling Units . | . . Scanalyzers . | . . Garrison Access . | . . Data Cores Recovered . | . . Used . | . . Hacking Detections 4 | . 4 Full Trace Events 1 | . 1 Feedback Events 1 | . 1 Corruption 1 | . 1 Feedback Blocked . | . . Robot Schematics Acquired . | . . Robots Built . | . . Authchips . | . . Time . | . . Total Robot Build Rating . | . . Part Schematics Acquired . | . . Parts Built . | . . Authchips . | . . Time . | . . Total Part Build Rating . | . . Part Studies Acquired . | . . Parts Repaired . | . . Time . | . . Parts Recycled . | . . Recycled Matter . | . . Retrieved Matter . | . . Retrieved Components 10 | . 10 Parts Scanalyzed . | . . Part Schematics Acquired . | . . Parts Damaged . | . . Bothacking | -11 -10 ------------ Run | Yrd Mat Used RIF Installer . | . . Robots Hacked . | . . Non-combat . | . . Combat . | . . Robot Hacks Applied . | . . Relay Couplers Released . | . . Fabnet Peak Effective % . | . . Robots Rewired . | . . Allies Hacked . | . . Hacks Repelled . | . . Allies | -11 -10 -------- Run | Yrd Mat Total Allies . | . . Largest Group . | . . Highest-Rated Group . | . . Highest-Rated Ally . | . . Total Orders . | . . Ally Attacks . | . . Total Damage . | . . Kills . | . . Allies Corrupted . | . . Allies Melted . | . . Intel | -11 -10 ------- Run | Yrd Mat Active Infowar (turns) 90 | 13 77 Terrain 90 | 13 77 Robot Analysis Total . | . . Derelict Logs Recovered . | . . Drone Launches . | . . Drone Recoveries . | . . Exploration | -11 -10 ------------- Run | Yrd Mat Turns Passed 926 | 95 831 Spaces Moved 472 | 50 422 Core 10 | 10 . Treads . | . . Legs 234 | 40 194 Wheels 33 | . 33 Hover 195 | . 195 Flight . | . . Fastest Speed 50 | 50 80 Average Speed 141 | 106 145 Slowest Speed 190 | 120 190 Overloaded Moves . | . . Propulsion Burnouts . | . . Robots Hopped . | . . Potential Cave-ins . | . . Cave-ins Triggered . | . . Exploration Rate (%) 32 | 3 61 Regions Visited 1 Branch Regions . Pre-discovered Areas . | . . Known Exits Taken . | . . Unknown Exits Taken 1 | 1 . Scrap Searched . | . . Spaces Dug . | . . Terrain Destroyed . | . . Melee . | . . Projectile . | . . AOE . | . . Terrain Rammed . | . . Walls Destroyed . | . . Machines Disabled . | . . Actions | -11 -10 --------- Run | Yrd Mat Total 611 | 70 541 Wait 10 | . 10 Move 471 | 49 422 Hop . | . . Pick Up 10 | 4 6 Fast Attach 11 | 7 4 Attach 8 | . 8 Detach 1 | . 1 Swap 13 | . 13 Drop 1 | . 1 Fire 86 | 10 76 Melee . | . . Ram . | . . Kick . | . . Crush . | . . Escape Stasis . | . . Rewire . | . . Trap . | . . Miscellaneous . | . . Route ------- -11/Scrapyard -10/Materials (discovered 3 exits: [*Mat x2] / [*Min]) History --------- Turn | Location | Event 17 | -11/Scrapyard | Discovered new exit (range 14) 96 | -11/Scrapyard | Entered Materials 322 | -10/Materials | Build established: Mutant 328 | -10/Materials | Discovered new exit (range 13) 329 | -10/Materials | Lost 3 parts (1p1n1w) 426 | -10/Materials | Core integrity fell below 50% 538 | -10/Materials | Discovered new exit (range 11) 546 | -10/Materials | Core integrity fell below 20% 599 | -10/Materials | Lost 5 parts (1p2n2w) 786 | -10/Materials | Discovered new exit (range 16) 927 | -10/Materials | Destroyed by G-34 Mercenary with Small Laser Last Messages --------------- Terrain Scan Processor Aluminum Leg Welding Torch Particle Gun Terrain Scanner Aluminum Leg 00864_ Acquired Wheel. 00868_ System corrupted: Energy discharge (-91). 00869_ Acquired Aluminum Leg. 00877_ Acquired Welding Torch. 00884_ R-06 Scavenger collects Hover Unit. 00888_ R-06 Scavenger collects Wheel. 00897_ Dropped Ion Engine. 00901_ R-06 Scavenger collects Ion Engine. 00906_ System corrupted: Matter fused (-9). 00911_ U-05 Engineer works on Material Processor. 00922_ G-34 Mercenary destroyed. 00923_ U-05 Engineer works on Material Processor. Map ----- +----------------------------------------------------+ | #????# """ # """" | | ############# #????# """ #! """" | | #???????????# #????# # | | """ #???????????######## #????# ####### | | """ #???????????# """ ## #????# """ #?????? | | """ #???????????#!"Y" ## #????# """ #?????? | | #??#????????#! [!## ###### """ ######? | | #?#?????????# ! ## % %! #? | | """ #???????????# ## [ < #? | | """ #???######### ## #? | | """ ##### ##+##### ########+######+####? | | #????#/ =! #???????? | | < #????# """ #???????? | | ^ """ #????# """ #???????? | | ^ #####" "## """ #????# """ #???????? | | ########???#" !"! "## """ #????# #???????? | | ???????????#"""""""## #????# #???????? | | ?#?????????########## #????########???????? | | ????????????????????# #???????????????????? | | ????????????????????###r ###???????????????????? | | ??????????????????????# w #?????????????????????? | | ??????????????????????# #?????????????????????? | | ??????????????????????# #?????????????????????? | | ?????????????#+######## #?????????????????????? | | ?????????+ #?????????????????????? | | ?????????# @ #?????????????????????? | | ?????????# << << #?????????????????????? | | ?????????????<<< <<<< #?????????????????????? | | ?????????????